 Dungeon Crawl Stone Soup version 0.25.0-11-g1f837a76a1 (webtiles) character file.

Game seed: 6452992287592416773

905 Delamore the Cleaver (level 8, -2/64 HPs)
             Began as a Formicid Fighter on June 27, 2020.
             Succumbed to Edmund's poison
             ... on level 4 of the Dungeon.
             The game lasted 00:06:23 (4739 turns).

Delamore the Cleaver (Formicid Fighter)             Turns: 4739, Time: 00:06:24

Health: -2/64      AC:  7    Str: 24    XL:     8   Next: 29%
Magic:  8/8        EV: 10    Int:  7    God:
Gold:   149        SH:  4    Dex: 10    Spells: 4/7 levels left

rFire    + . .     SeeInvis +   a - +0 war axe
rCold    . . .     Gourm    .   g - +0 buckler
rNeg     . . .     Faith    .   q - +2 ring mail {rF+}
rPois    .         Spirit   .   (helmet unavailable)
rElec    .         Reflect  .   (no cloak)
rCorr    .         Harm     .   (no gloves)
MR       .....                  (no boots)
Stlth    ..........             (no amulet)
HPRegen  0.20/turn              l - ring of wizardry
MPRegen  0.11/turn              (no ring)

@: lethally poisoned (-2 -> -47)
A: permanent stasis, dig shafts and tunnels, four strong arms, antennae 3
a: Dig, Shaft Self


You were on level 4 of the Dungeon.
You were not hungry.

You visited 1 branch of the dungeon, and saw 4 of its levels.
You also visited: Sewer.

You collected 149 gold pieces.

Inventory:

Hand Weapons
 a - a +0 war axe (weapon)
Missiles
 m - 7 datura-tipped darts (quivered)
 z - 8 silver boomerangs
Armour
 b - a +0 scale mail
 c - a +0 kite shield
 g - a +0 buckler (worn)
 i - a +0 chain mail
 q - a +2 ring mail of fire resistance (worn)
Jewellery
 l - a ring of wizardry (left hand)
Wands
 s - a wand of flame (17)
 w - a wand of disintegration (13)
 y - a wand of acid (9)
Scrolls
 e - a scroll of enchant weapon {unknown}
 h - 3 scrolls of teleportation
 j - 4 scrolls of remove curse
 r - a scroll of amnesia {unknown}
 x - a scroll of noise {unknown}
Potions
 d - a potion of might
 k - 2 potions of degeneration
 n - 2 potions of resistance
 o - 2 potions of mutation
 u - 2 potions of flight
 v - a potion of haste
Comestibles
 f - 6 rations
 t - a chunk of flesh


   Skills:
 - Level 5.8 Fighting
 + Level 8.0 Axes
 - Level 3.2 Armour
 - Level 3.6 Shields


You had 4 spell levels left.
You knew the following spells:

 Your Spells              Type           Power        Failure   Level  Hunger
a - Lesser Beckoning      Tloc           #.........   61%         3    ####...

Your spell library contained the following spells:

 Spells                   Type           Power        Failure   Level  Hunger
 Apportation              Tloc           #.....       26%         1    ##.....
 Summon Butterflies       Summ           #.......     26%         1    ##.....
 Tukima's Dance           Hex            #.......     61%         3    ####...
 Alistair's Intoxication  Tmut/Pois      #.......     99%         5    ######.
 Invisibility             Hex            #.......     100%        6    #######


Dungeon Overview and Level Annotations

Branches:
Dungeon (4/15)              Sewer (visited)
 Temple: D:4-7

Altars:
Gozag
Kikubaaqudgha
Qazlal
Sif Muna
Trog

Annotations:
D:4 Edmund


Innate Abilities, Weirdness & Mutations

You cannot be hasted, slowed, berserked, paralysed or teleported.
You can dig through walls and to a lower floor.
Your four strong arms can wield two-handed weapons with a shield.
You have a pair of large antennae on your head. (SInv)


Message History

Edmund is almost dead.
* * * LOW HITPOINT WARNING * * *
You feel very sick. Edmund hits you but does no damage.
You are more poisoned.
You hit Edmund but do no damage.
Edmund is almost dead.
* * * LOW HITPOINT WARNING * * *
You feel very sick.
Edmund hits you with a +3 flail of venom.
* * * LOW HITPOINT WARNING * * *
You are more poisoned.
Okay, then.
* * * LOW HITPOINT WARNING * * *
You feel very sick.
Okay, then.
Okay, then.
As you read the scroll labeled FENNIX ENWUSS, it crumbles to dust.
You assume a fearsome visage.
Edmund looks frightened!
It was a scroll of fear.
You die...

... ... . # ##### #
#...# # #...# #
#...####### #
#...@.#...###########
#...@.#...#............
#.%...######.######.###
+...........#.## #.#
#....#####...#.## #.# #
...... #....#.###.###
....... #.....#.##.##.
....... #......#.#.#.#
#.......#.#.#.


You could see Edmund (fleeing).

Vanquished Creatures
  Duvessa (D:4)
  2 bullfrogs (Sewer)
  A gnoll sergeant (D:3)
  Dowan (D:4)
  A scorpion (D:4)
  3 orc priests (D:3)
  Natasha (twice) (D:3)
  An orc wizard (D:3)
  Terence (D:2)
  Robin (D:2)
  3 gnolls (D:3)
  5 adders
  A river rat (D:3)
  16 oozes
  3 worms
  A dart slug (D:1)
  9 leopard geckos
  6 orcs
  17 ball pythons
  20 giant cockroaches
  20 goblins
  8 hobgoblins
  4 bats
  10 frilled lizards
  11 kobolds
  10 rats
158 creatures vanquished.

Vanquished Creatures (collateral kills)
  A quokka (D:3)
1 creature vanquished.

Grand Total: 159 creatures vanquished

Notes
Turn   | Place    | Note
-------+----------+-------------------------------------------
     0 | D:1      | Delamore the Formicid Fighter began the quest for the Orb.
     0 | D:1      | Reached XP level 1. HP: 18/18 MP: 1/1
    46 | D:1      | Reached XP level 2. HP: 24/24 MP: 2/2
   290 | D:1      | Reached XP level 3. HP: 25/30 MP: 3/3
   875 | D:1      | Reached skill level 3 in Axes
  1076 | D:2      | Noticed Terence
  1088 | D:2      | Killed Terence
  1088 | D:2      | Reached XP level 4. HP: 34/38 MP: 4/4
  1280 | D:2      | Found a stormy altar of Qazlal.
  1484 | D:2      | Found a faded altar of an unknown god.
  1539 | D:2      | Noticed Robin
  1550 | D:2      | Killed Robin
  1550 | D:2      | Reached XP level 5. HP: 34/43 MP: 5/5
  1835 | D:2      | Found an opulent altar of Gozag.
  1940 | D:3      | Found an ancient bone altar of Kikubaaqudgha.
  1940 | D:3      | Found a shimmering blue altar of Sif Muna.
  1950 | D:3      | Found a bloodstained altar of Trog.
  1952 | D:3      | Found a faded altar of an unknown god.
  1953 | D:3      | Found a faded altar of an unknown god.
  2008 | D:3      | Reached skill level 5 in Fighting
  2010 | D:3      | Found a bloodstained altar of Trog.
  2010 | D:3      | Noticed Natasha
  2032 | D:3      | Killed Natasha
  2032 | D:3      | Reached skill level 4 in Axes
  2045 | D:3      | HP: 2/44 [poisoned by a kobold]
  2088 | D:3      | Noticed Natasha
  2128 | D:3      | Killed Natasha
  2128 | D:3      | Reached XP level 6. HP: 7/51 MP: 6/6
  2455 | D:3      | Found a glowing drain.
  2463 | Sewer    | Entered a sewer
  2987 | Sewer    | Reached skill level 5 in Axes
  3189 | Sewer    | Reached XP level 7. HP: 57/57 MP: 7/7
  3262 | Sewer    | Reached skill level 6 in Axes
  3559 | Sewer    | Learned a level 3 spell: Lesser Beckoning
  3811 | D:3      | Reached skill level 7 in Axes
  4439 | D:4      | Noticed Duvessa
  4439 | D:4      | Noticed Dowan
  4449 | D:4      | Killed Duvessa
  4449 | D:4      | Reached XP level 8. HP: 58/64 MP: 8/8
  4456 | D:4      | Killed Dowan
  4543 | D:4      | Reached skill level 8 in Axes
  4721 | D:4      | Noticed Edmund
  4738 | D:4      | HP: 1/64 [poisoned by Edmund]
  4739 | D:4      | Succumbed to Edmund's poison

Illustrated notes

Levels and vault maps discovered:
D:1:      tarquinn_simple_flora_water_f, layout_basic
D:2:      layout_basic, grunt_gozag_breadcrumbs,
          nicolae_qazlal_general_emergency, chequers_ecumenical_altar_twisty,
          uniq_robin, uniq_terence
D:3:      layout_basic, chequers_temple_overflow_minitemple,
          portal_sewer_entry_a, trog_three_pillars_becter, uniq_natasha
D:4:      wad_pebble_path, layout_basic, kennysheep_little_box,
          minmay_temple_entry_trees, minmay_crystal_water, uniq_blork_the_orc,
          uniq_menkaure, uniq_duvessa, uniq_edmund

Skill      XL: |  1  2  3  4  5  6  7  8 |
---------------+-------------------------+-----
Fighting       | 4 5 |  5.8
Axes           | 3 4 5 7 8 |  8.0
Armour         | |  3.2
Shields        | |  3.6

Action                   |  1- 3 |  4- 6 |  7- 9 || total
-------------------------+-------+-------+-------++-------
Melee: War axe           |    93 |   238 |   128 ||   459
Throw: Dart              |       |     1 |       ||     1
  Use: Potion            |       |     1 |       ||     1
       Scroll            |       |     4 |     5 ||     9
  Eat: Chunk             |     1 |     7 |     5 ||    13
Armor: Scale mail        |    24 |       |       ||    24
       Chain mail        |    23 |    87 |       ||   110
       Ring mail         |       |    49 |    46 ||    95
Dodge: Dodged            |    26 |   111 |    58 ||   195
Block: Kite shield       |    48 |    14 |       ||    62
       Buckler           |       |    56 |    32 ||    88
